cohdb
Replays
Latest Replays
All Replays
Popular Replays
Top Player Replays
Match Explorer
How It Works
Community
CoH3 Stats
Reddit
Sign in to upload your games and track your stats! →
Sign in with Steam
Match 45216733
Unlisted
Match 45216733
Overview
Messages
Build Orders
End
Panzergrenadier Squad
Selects Armored Support Battlegroup
250 Light Carrier
250 Light Carrier
Construct Light Support Kompanie
Combat Half-tracks
Assault Grenadier Squad
Selects Superior Fire Drills
Construct Mechanized Kompanie
Assault Mechanized Group
Tungsten Core Ammunition
Selects Salvage Kits
Marder III Tank Destroyer
Marder III Tank Destroyer
Marder III Tank Destroyer
Marder III Tank Destroyer
254 Reconnaissance Tractor
Support Armor Elements
Assault Mechanized Group
254 Reconnaissance Tractor
Emergency Repair Kits
Flakvierling Half-track
Rapid Advance
Selects Panzer Storm
Vehicle Survival Package
Advanced Optics
Assault Mechanized Group
Selects Stuka Anti-tank Loiter
Marder III Tank Destroyer
Marder III Tank Destroyer
Stuka Anti-tank Loiter
Construct Panzerarmee Kommand
Armored Reserves
Tiger Heavy Tank
Stuka Anti-tank Loiter
Panzer III L Medium Tank
Panzer III L Medium Tank
soda soda
upomoc
dkluan92
MG22
Sulq
Madfox
W呆橘子W
오렌지플래닛
0
0
Comments
sign in to comment!
No comments posted yet!